 Dungeon Crawl Stone Soup version 0.31-a0-881-ge136f0c47a (webtiles) character file.

Game seed: 16769763438934647232

2200 Spaninq the Chopper (level 9, -4/69 HPs)
             Began as a Demonspawn Shapeshifter on Oct 15, 2023.
             Was a Believer of Qazlal.
             Slain by a skeletal warrior
             ... wielding a +0 flail
              (10 damage)
             ... on level 7 of the Dungeon.
             The game lasted 00:17:51 (4965 turns).

Spaninq the Chopper (Demonspawn Shapeshifter)       Turns: 4965, Time: 00:17:54

Health: -4/69      AC:  6    Str: 18    XL:     9   Next: 12%
Magic:  10/10      EV: 12    Int: 10    God:    Qazlal [**....]
Gold:   386        SH:  2    Dex: 23    Spells: 7/8 levels left

rFire   . . .        i - +8 broad axe "Earthworm" {spect, Int-3 Dex+5}
rCold   . . .        (no shield)
rNeg    . . .        o - +1 animal skin
rPois   .            (helmet currently unavailable)
rElec   .            (cloak currently unavailable)
rCorr   .            (gloves unavailable)
SInv    .            (boots currently unavailable)
Will    .....        (no amulet)
Stlth   ++           e - +6 ring of dexterity
HPRegen 0.31/turn    (no ring)
MPRegen 0.12/turn

%: no passive effects
@: beast-form
A: beast (slay +3), claws 3, slimy green scales 2, demonic guardian 1, demonic
magic 1
a: Begin Untransformation, Renounce Religion, Upheaval


You were on level 7 of the Dungeon.
You worshipped Qazlal.
Qazlal was pleased with you.
You were a hulking beast.
You visited 1 branch of the dungeon, and saw 7 of its levels.
You also visited: Sewer.

You collected 386 gold pieces.

Inventory:

Hand Weapons
 f - a +2 whip of electrocution
 i - the +8 broad axe "Earthworm" (weapon) {spect, Int-3 Dex+5}
   (You found it on level 2 of the Dungeon)

   Int-3:     It affects your intelligence (-3).
   Dex+5:     It affects your dexterity (+5).
Missiles
 n - a throwing net
Armour
 o - a +1 animal skin (worn)
 p - a +0 helmet
 v - a +2 cloak of willpower
Jewellery
 e - a +6 ring of dexterity (left claw)
 r - an amulet of faith
Talismans
 c - a beast talisman (active)
 d - a flux talisman
 m - a maw talisman
Wands
 y - a wand of flame (26)
Scrolls
 h - a scroll of amnesia
 j - a scroll of immolation
 k - a scroll of brand weapon {unknown}
 s - 3 scrolls of teleportation
 w - 2 scrolls of fog
 x - a scroll of summoning
Potions
 a - a potion of mutation
 b - 2 potions of lignification
 g - 3 potions of heal wounds
 l - 2 potions of brilliance
 q - 2 potions of might
 t - a potion of cancellation {unknown}
 u - 4 potions of haste
 A - a potion of invisibility {unknown}


   Skills:
 + Level 6.0 Fighting
 * Level 7.0 Axes
 - Level 1.7 Dodging
 - Level 2.6 Unarmed Combat
 - Level 2.2 Invocations
 + Level 6.2 Shapeshifting


You had 7 spell levels left.
You knew the following spells:

 Your Spells              Type           Power      Damage    Failure   Level
a - Apportation           Tloc           0%         N/A       36%         1

Your spell library contained the following spells:

 Spells                   Type           Power      Damage    Failure   Level
 Necrotise                Necr           0%         1d4       36%         1
 Summon Small Mammal      Summ           0%         N/A       36%         1
 Blink                    Tloc           0%         N/A       50%         2
 Lesser Beckoning         Tloc           0%         N/A       50%         2
 Momentum Strike          Conj/Tloc      0%         3d8       50%         2
 Stone Arrow              Conj/Erth      0%         3d7       75%         3
 Animate Armour           Summ/Erth      0%         N/A       98%         4
 Brom's Barrelling Bould  Conj/Erth      0%         2d3       98%         4
 Lehudib's Crystal Spear  Conj/Erth      0%         10d2      100%        8


Dungeon Overview and Level Annotations

Branches:
Dungeon (7/15)             Temple (0/1) D:6           Sewer (visited)

Altars:
Qazlal
Xom

Shops:
D:5 **

Annotations:
D:3 2 transporters, varamyr's ghost, amateur MiFi


Innate Abilities, Weirdness & Mutations

You are a hulking beast.
Your limbs bulge with bestial killing power. (Slay +3)
You have claws for hands.
You are mostly covered in slimy green scales. (AC +3)
A weak demonic guardian rushes to your aid.
Spells you cast may paralyse adjacent enemies.


Message History

Your Axes skill increases to level 7!
You feel yourself speed up.
You open the door.
There is an open door here.
A wraith comes into view.
Found the +5 scythe "Finisher" {speed, execute}.
A skeletal warrior comes into view. It is wielding a +0 flail.
The wraith misses you.
You barely miss the wraith. You block the wraith's attack.
You hit the wraith.
The wraith is lightly damaged.
The wraith barely misses you.
You slash the wraith!
The wraith is heavily damaged.
You block the wraith's attack.
You hit the wraith.
The wraith is severely damaged.
You slash the skeletal warrior!
The skeletal warrior is lightly damaged.
Your +8 broad axe "Earthworm" {spect, Int-3 Dex+5} hits the skeletal warrior!
You block the skeletal warrior's attack.
A wraith comes into view.
You barely miss the skeletal warrior.
You claw the skeletal warrior, but do no damage.
The skeletal warrior is moderately damaged.
Your +8 broad axe "Earthworm" {spect, Int-3 Dex+5} hits the skeletal warrior!
The skeletal warrior hits you with a +0 flail!!
You slash the skeletal warrior!
The skeletal warrior is severely damaged.
Your +8 broad axe "Earthworm" {spect, Int-3 Dex+5} hits the skeletal warrior!
The skeletal warrior hits your +8 broad axe "Earthworm" {spect, Int-3 Dex+5} with a +0 flail!
Your spectral weapon shares its damage with you!
A demonic guardian appears!
You closely miss the skeletal warrior.
The skeletal warrior is almost destroyed.
Your +8 broad axe "Earthworm" {spect, Int-3 Dex+5} hits the skeletal warrior but does no damage.
The skeletal warrior hits you with a +0 flail!!
* * * LOW HITPOINT WARNING * * *
The skeletal warrior hits you with a +0 flail!
You die...

....#
#..............
....#
#.......###.#.# #
....# #....<..#..#
. # ....#
#.......#.# .#.
#..## #........#
#.. ##..#
#.......#..# #.#
###.#
#.......#.###)# #
#.###.......##(#W#
#
#.#.........##hz##
#
#.#.##.####.#5#..#
#>.....####.#..##.#
#####........######
#..................
#.........######...
#.........'......#
#.(.......########
#.........######


You could see a skeletal warrior (ally target), a wraith, a friendly +8 broad
axe "Earthworm" {spect, Int-3 Dex+5} and a friendly shadow imp (summoned).

Vanquished Creatures
  Eustachio (D:4)
  2 wraiths (D:7)
  A steam dragon (D:7)
  Duvessa (D:7)
  Pargi (Sewer)
  An ogre (D:4)
  3 phantoms
  A kobold brigand (D:6)
  2 scorpions
  Dowan (D:7)
  3 wights (D:6)
  3 howler monkeys (D:7)
  3 hounds
  2 jellies
  An orc priest (D:6)
  A gnoll bouda (D:7)
  2 iguanas
  Robin (D:2)
  9 gnolls
  13 adders
  2 river rats (D:5)
  3 shadow imps
  A white imp (D:5)
  5 worms
  2 dart slugs (D:4)
  12 orcs
  5 bats
  7 endoplasms
  2 giant cockroaches (D:4)
  14 goblins
  6 hobgoblins
  9 jackals
  3 quokkas
  8 ball pythons
  7 frilled lizards
  12 kobolds
  8 rats
158 creatures vanquished.

Vanquished Creatures (collateral kills)
  An endoplasm (D:4)
  2 kobolds (D:6)
3 creatures vanquished.

Grand Total: 161 creatures vanquished

Notes
Turn   | Place    | Note
-------+----------+-------------------------------------------
     0 | D:1      | Spaninq the Demonspawn Shapeshifter began the quest for the
                  | Orb.
     0 | D:1      | Reached XP level 1. HP: 15/15 MP: 1/1
   236 | D:1      | Gained mutation: You have sharp fingernails. [demonic
                  | ancestry]
   236 | D:1      | Reached XP level 2. HP: 21/21 MP: 2/2
   517 | D:2      | Gained mutation: You have very sharp fingernails. [demonic
                  | ancestry]
   517 | D:2      | Reached XP level 3. HP: 20/27 MP: 3/3
   662 | D:2      | Gained mutation: A weak demonic guardian rushes to your
                  | aid. [demonic ancestry]
   662 | D:2      | Reached XP level 4. HP: 33/33 MP: 4/4
   677 | D:2      | Identified the +8 broad axe "Earthworm" {spect, Int-3
                  | Dex+5}
  1029 | D:2      | Noticed Robin
  1035 | D:2      | Killed Robin
  1036 | D:2      | Reached skill level 1 in Axes
  1036 | D:2      | Gained mutation: You have claws for hands. [demonic
                  | ancestry]
  1036 | D:2      | Reached XP level 5. HP: 23/39 MP: 5/5
  1346 | D:3      | Found a transporter.
  1350 | D:3      | Noticed varamyr's ghost (amateur MiFi)
  1398 | D:3      | Found a stormy altar of Qazlal.
  1398 | D:3      | Found a shimmering altar of Xom.
  1402 | D:3      | Became a worshipper of Qazlal Stormbringer
  1605 | D:3      | Found a transporter.
  1780 | D:4      | Reached skill level 2 in Axes
  1785 | D:4      | Noticed a phantom
  1804 | D:4      | Killed a phantom
  1805 | D:4      | Reached XP level 6. HP: 47/47 MP: 6/6
  1898 | D:4      | Reached skill level 3 in Axes
  1963 | D:4      | Reached * piety under Qazlal
  2001 | D:4      | Gained mutation: You are partially covered in slimy green
                  | scales. (AC +2) [demonic ancestry]
  2001 | D:4      | Reached XP level 7. HP: 46/53 MP: 7/7
  2221 | D:4      | Noticed Eustachio
  2245 | D:4      | Killed Eustachio
  2246 | D:4      | Reached skill level 4 in Axes
  2246 | D:4      | Reached skill level 5 in Shapeshifting
  2316 | D:5      | Entered Level 5 of the Dungeon
  2430 | D:5      | Found Puzog's Assorted Antiques.
  2463 | D:5      | Found Duricvac's General Store.
  2709 | D:5      | Found a glowing drain.
  2716 | Sewer    | Entered a sewer
  2767 | Sewer    | Noticed Pargi
  2782 | Sewer    | Killed Pargi
  2783 | Sewer    | Reached skill level 5 in Axes
  2783 | Sewer    | Gained mutation: You are mostly covered in slimy green
                  | scales. (AC +3) [demonic ancestry]
  2783 | Sewer    | Reached XP level 8. HP: 36/61 MP: 8/8
  3053 | D:5      | Learned a level 1 spell: Apportation
  3462 | D:6      | Reached ** piety under Qazlal
  3481 | D:6      | Got a dog-eared book
  3570 | D:6      | Reached skill level 5 in Fighting
  4145 | D:6      | Found a staircase to the Ecumenical Temple.
  4247 | D:7      | Reached skill level 6 in Axes
  4272 | D:7      | Reached skill level 1 in Invocations
  4472 | D:7      | Noticed Duvessa
  4472 | D:7      | Noticed Dowan
  4475 | D:7      | Killed Dowan
  4477 | D:7      | Killed Duvessa
  4812 | D:7      | Gained mutation: Spells you cast may paralyse adjacent
                  | enemies. [demonic ancestry]
  4812 | D:7      | Reached XP level 9. HP: 69/69 MP: 10/10
  4930 | D:7      | Reached skill level 7 in Axes
  4954 | D:7      | Found the +5 scythe "Finisher" {speed, execute}
  4956 | D:7      | Noticed a skeletal warrior
  4965 | D:7      | Slain by a skeletal warrior

Illustrated notes

Levels and vault maps discovered:
D:1:      dpeg_arrival_oval, layout_rooms, minmay_misc_feat_chi,
          minmay_tetromino_l2
D:2:      layout_basic, basic_altar, nicolae_kite_square_tiling_tiny, uniq_robin
D:3:      layout_basic, jmf_multi_god_temple, gammafunk_ghost_mausoleum,
          serial_curves, eino_curves_02, eino_curves_01
D:4:      layout_basic, grunt_ministairs_14, uniq_eustachio
D:5:      layout_loops_ring, serial_shops, nicolae_shop_getting_attention,
          nicolae_shop_stone, lightli_sewer_entry_pipes
D:6:      layout_loops_ring, temple_hall_moat
D:7:      layout_basic, minmay_guarded_unrand_finisher, uniq_menkaure,
          uniq_duvessa

Skill      XL: |  1  2  3  4  5  6  7  8  9 |
---------------+----------------------------+-----
Shapeshifting  | 3 4 5 6 |  6.2
Fighting       | 2 3 4 5 6 |  6.0
Axes           | 1 2 3 5 6 7 |  7.0
Invocations    | 2 |  2.2
Dodging        | |  1.7
Unarmed Combat | |  2.6

Action                     |  1- 3 |  4- 6 |  7- 9 || total
---------------------------+-------+-------+-------++-------
  Melee: Unarmed           |    18 |       |       ||    18
         Rapier            |    35 |       |       ||    35
         Punch             |     1 |     1 |     2 ||     4
         Broad axe         |       |    70 |   120 ||   190
    Use: Scroll            |       |       |    15 ||    15
   Stab: Sleeping          |     3 |     1 |       ||     4
         Distracted        |       |       |     1 ||     1
 Armour: Animal skin       |    23 |    47 |    91 ||   161
  Dodge: Dodged            |    22 |    46 |    74 ||   142
  Block: Other             |       |       |     6 ||     6

Table legend: (Time is in decaauts)
 A = Elapsed time spent in this place.
 B = Non-inter-level travel time spent in this place.
 C = Inter-level travel time spent in this place.
 D = Time resting spent in this place.
 E = Time spent auto-exploring this place.
 F = Levels seen in this place.
 G = Mean time per level.
                   A        B        C        D        E       F      G
               +--------+--------+--------+--------+--------+-----+--------+
         Total |   5114 |   4939 |    175 |     18 |   3571 |   8 |  639.2 |
       Dungeon |   4861 |   4686 |    175 |     18 |   3422 |   7 |  694.4 |
         Sewer |    252 |    252 |      0 |      0 |    148 |   1 |  252.0 |
               +--------+--------+--------+--------+--------+-----+--------+

Top non-repeatable levels by time:
     D:5: 920 daAuts
     D:7: 788 daAuts
     D:6: 788 daAuts
     D:2: 702 daAuts
     D:4: 626 daAuts
     D:3: 532 daAuts
     D:1: 503 daAuts
   Sewer: 252 daAuts
